 Dungeon Crawl Stone Soup version 0.31.0-11-ge490571c62 (console) character file.

Game seed: 17772604075428171339

2228511 Banquo the Sorcerer (level 27, 228/228 HPs)
             Began as a Djinni Air Elementalist on Jan 21, 2024.
             Was a High Priest of Ashenzari.
             Escaped with the Orb
             ... and 4 runes on Jan 30, 2024!
             The game lasted 07:57:25 (77364 turns).

Banquo the Sorcerer (Djinni Air Elementalist)      Turns: 77364, Time: 07:57:26

Health: 228/228    AC: 23    Str: 29    XL:     27
Gold:   5639       EV: 26    Int: 30    God:    Ashenzari [*****.] SH: 33 Dex: 15

rFire   + + .        b - staff of air
rCold   + + .        q - +8 tower shield "Regret of Ashenzari" {Cun, Comp} (curse)
rNeg    . . .        d - +1 chain mail of Toth-Mos's Legacy {rElec Regen+ Str+6, Fort, Self} (curse)
rPois   ∞            h - +0 helmet "Suspicion of Ashenzari" {rPois rC+++ Regen+ Str+3, Elem, Fort} (curse)
rElec   +            e - scarf of Ashenzari's Stickiness {repulsion, Elem, Self} (curse)
rCorr   .            g - +2 pair of gloves of the Unyielding Gaze {Str+3, Comp, Fort} (curse)
SInv    +            (boots unavailable)
Will    ++...        U - amulet "I Foresaw This" {Regen+, Dev, Elem} (curse)
Stlth   +            Q - ring of Ashenzari's Regret {Str+6, Comp, Elem} (curse)
HPRegen 2.98/turn    B - ring of Supernal Gnosis {EV+5 Str+4, Self, Elem} (curse)
MPRegen 0.00/turn

%: repel missiles, clarity
@: flying, studying Spellcasting
A: sickness immunity, fire resistance 2, cold vulnerability 1, float, innate
caster, HP casting, extra vitality 1, wild magic 1
0: Orb of Zot
}: 4/15 runes: serpentine, barnacled, slimy, silver
a: Renounce Religion, Curse Item, Shatter the Chains


You escaped.
You worshipped Ashenzari.
Ashenzari was extremely pleased with you.
You visited 11 branches of the dungeon, and saw 53 of its levels.
You visited the Abyss 1 time.
You also visited: Ice Cave and Wizlab.

You collected 10256 gold pieces.
You spent 4617 gold pieces at shops.

Inventory:

Hand Weapons
 a - the +8 spear of the Hall of Blades {freeze, rElec Str+4}
   (You took it off a merfolk siren on level 2 of the Shoals)

   Str+4:     It affects your strength (+4).
   rElec:     It insulates you from electricity.
 x - a +1 demon trident of electrocution
 G - a +7 vampiric trident
 O - a +1 antimagic trident
Armour
 d - the cursed +1 chain mail of Toth-Mos's Legacy (worn) {rElec Regen+ Str+6, Fort, Self}
   (You acquired it on level 15 of the Dungeon)

   Str+6:     It affects your strength (+6).
   rElec:     It insulates you from electricity.
   Regen+:    It increases your rate of health regeneration.
   It has a curse which improves the following skills: Fortitude: Armour and
   Shields.
   Introspection: Fighting and Spellcasting.
 e - the cursed scarf of Ashenzari's Stickiness (worn) {repulsion, Elem, Self}
   (You found it on level 1 of the Shoals)

   It has a curse which improves the following skills: Elements: Fire Magic, Ice
   Magic, Air Magic and Earth Magic.
   Introspection: Fighting and Spellcasting.
 g - the cursed +2 pair of gloves of the Unyielding Gaze (worn) {Str+3, Comp, Fort}
   (You bought it in a shop on level 2 of the Vaults)

   It has a curse which improves the following skills: Companions: Summonings
   and Necromancy.
   Fortitude: Armour and Shields.
 h - the cursed +0 helmet "Suspicion of Ashenzari" (worn) {rPois rC+++ Regen+ Str+3, Elem, Fort}
   (You bought it in a shop on level 1 of the Depths)

   Str+3:     It affects your strength (+3).
   rC+++:     It renders you almost immune to cold.
   rPois:     It protects you from poison Regen+: It increases your rate of
   health regeneration.
   It has a curse which improves the following skills: Elements: Fire Magic, Ice
   Magic, Air Magic and Earth Magic.
   Fortitude: Armour and Shields.
 q - the cursed +8 tower shield "Regret of Ashenzari" (worn) {Cun, Comp}
   (You took it off a vault warden on level 3 of the Vaults)

   It has a curse which improves the following skills: Cunning: Dodging and
   Stealth.
   Companions: Summonings and Necromancy.
Magical Staves
 b - a staff of air (weapon)
 c - a staff of cold
Jewellery
 o - a +5 ring of evasion
 B - the cursed ring of Supernal Gnosis (right hand) {EV+5 Str+4, Self, Elem}
   (You took it off a deep elf zephyrmancer on level 3 of the Elven Halls)

   [ring of evasion]

   EV+5:      It affects your evasion (+5).
   Str+4:     It affects your strength (+4).
   It has a curse which improves the following skills: Introspection: Fighting
   and Spellcasting.
   Elements:  Fire Magic, Ice Magic, Air Magic and Earth Magic.
 Q - the cursed ring of Ashenzari's Regret (left hand) {Str+6, Comp, Elem}
   (You found it on level 15 of the Dungeon)

   [ring of strength]

   Str+6:     It affects your strength (+6).
   It has a curse which improves the following skills: Companions: Summonings
   and Necromancy.
   Elements:  Fire Magic, Ice Magic, Air Magic and Earth Magic.
 U - the cursed amulet "I Foresaw This" (around neck) {Regen+, Dev, Elem}
   (You bought it in a shop on level 4 of the Depths)

   [amulet of regeneration]

   Regen+:    It increases your rate of health regeneration.
   It has a curse which improves the following skills: Devices: Evocations and
   Shapeshifting.
   Elements:  Fire Magic, Ice Magic, Air Magic and Earth Magic.
Wands
 y - a wand of flame (42)
 D - a wand of digging (10)
 E - a wand of paralysis (8)
 L - a wand of light (15)
 R - a wand of iceblast (28)
Scrolls
 j - 9 scrolls of blinking
 k - 21 scrolls of teleportation
 l - 8 scrolls of fear
 m - 4 scrolls of revelation
 p - 12 scrolls of noise
 r - a scroll of enchant armour
 C - 14 scrolls of poison
 H - a scroll of immolation
 I - 7 scrolls of fog
 J - 3 scrolls of enchant weapon
 W - 4 scrolls of summoning
Potions
 f - 5 potions of enlightenment
 i - a potion of lignification
 n - 2 potions of invisibility
 s - 12 potions of brilliance
 t - 5 potions of ambrosia
 u - 22 potions of mutation
 v - 13 potions of heal wounds
 w - 7 potions of haste
 z - 3 potions of berserk rage
 A - 5 potions of might
 F - 7 potions of resistance
 P - 7 potions of cancellation
 T - 30 potions of curing


   Skills:
 - Level 23.3(27) Fighting
 - Level 12.0 Polearms
 * Level 19.2(23.1) Armour
 * Level 21.3(23.1) Dodging
 - Level 4.2(6.2) Stealth
 - Level 23.3(27) Shields
 - Level 24.2(27) Spellcasting
 - Level 21.5 Conjurations
 - Level 21.5 Hexes
 - Level 21.5(25.3) Summonings
 - Level 21.5(25.3) Necromancy
 - Level 21.5 Translocations
 - Level 21.5(27) Fire Magic
 - Level 21.5(27) Ice Magic
 - Level 21.5(27) Air Magic
 - Level 21.5(27) Earth Magic
 - Level 21.5 Alchemy


You knew the following spells:

 Your Spells              Type           Power      Damage    Failure   Level
a - Shock                 Conj/Air       100%       1d9       1%          1
b - Volatile Blastmotes   Fire/Tloc      100%       2d18      1%          3
c - Summon Cactus Giant   Summ           64%        N/A       1%          6
d - Static Discharge      Conj/Air       100%       3-8/arc   1%          2
e - Summon Small Mammal   Summ           100%       N/A       1%          1
f - Jinxbite              Hex            100%       N/A       1%          2
g - Sculpt Simulacrum     Ice/Alch       63%        N/A       1%          6
h - Summon Hydra          Summ           64%        N/A       1%          7
i - Maxwell's Capacitive  Air            78%        ∞         1%          8
m - Malign Gateway        Summ/Tloc      62%        N/A       1%          7
p - Polar Vortex          Ice            66%        12d8*     3%          9
v - Summon Mana Viper     Hex/Summ       100%       N/A       1%          5
w - Flame Wave            Conj/Fire      100%       2d21      1%          4
z - Airstrike             Air            78%        2d(12-28) 1%          4
B - Borgnjor's Revivific  Necr           64%        N/A       1%          8
D - Animate Dead          Necr           100%       N/A       1%          4
M - Swiftness             Air            100%       N/A       1%          3
Your spell library was empty.

Dungeon Overview and Level Annotations

Branches:
Dungeon (15/15)            Temple (1/1) D:7            Lair (5/5) D:9
 Shoals (4/4) Lair:2        Snake (4/4) Lair:3        Slime (5/5) Lair:5
    Orc (2/2) D:9             Elf (3/3) Orc:2        Vaults (5/5) D:13
  Crypt (0/3) Vaults:3     Depths (4/4) D:15            Zot (5/5) Depths:4
  IceCv (visited)          WizLab (visited)

Altars:
Ashenzari
Cheibriados
Dithmenos
Elyvilon
Fedhas
Gozag
Hepliaklqana
Makhleb
Nemelex Xobeh
Okawaru
Qazlal
Ru
Trog
Uskayaw
Wu Jian
Xom
Yredelemnul
Zin
The Shining One
Jiyva

Shops:
D:3 =   D:4 :   D:10 ?   Orc:1 [   Orc:2 :(=*[   Elf:1 [   Shoals:1 !
Snake:2 [?   Vaults:2 [(   Vaults:5 ?!!?   Depths:1 **[   Depths:4 ==:

Portals:
Hell: Depths:1 Depths:2 Depths:3 Depths:4
Abyss: Depths:2 Depths:3
Pandemonium: Depths:1 Depths:2 Depths:4
Ziggurat: Depths:2

Annotations:
Shoals:1 2 transporters, exclusion: orange crystal statue
Elf:2 3 runed translucent doors
Zot:2 2 transporters


Innate Abilities, Weirdness & Mutations

You are immune to sickness and miasma.
You are immune to poison.
Your flesh is very heat resistant. (rF++)
You are vulnerable to cold. (rC-)
You float through the air rather than walking.
You learn spells naturally, not from books.
Your magical power is your life essence.
You have superior vitality. (+4 MHP)
Your spells are a little harder to cast, but a little more powerful.


Message History

Casting: Maxwell's Capacitive Coupling (mildly dangerous; 1% risk of failure)
Confirm with . or Enter, or press ? or * to list all spells.
You feel a surge of power!
You begin accumulating electric charge. (Press . to continue charging.)
You feel charge building up...
You feel charge building up...
You feel charge building up... You block the Orb Guardian's attack.
The electricity discharges through the Orb Guardian!!!!
The Orb Guardian vaporises in an electric haze!
You kill the Orb Guardian!
(D) Dungeon (T) Temple (L) Lair (A) Shoals (P) Snake Pit (M) Slime Pits (O) Orcish Mines (E) Elven Halls (V) Vaults (C) Crypt (U) Depths (H) Hell (Z) Zot
Where to? (* - list waypoints, Tab/Enter - D:1, ? - help)
There is a stone staircase leading up here.
You fly upwards.
There is a stone staircase leading down here.
You see here a +0 club.
There is an escape hatch in the ceiling here.
A mysterious force pulls you upwards. The hatch slams shut behind you.
There is an open door here.
There is a stone staircase leading up here.
You fly upwards.
There is a stone staircase leading down here.
There is a stone staircase leading up here.
You fly upwards.
There is a stone staircase leading down here.
You sense a monster nearby.
(D) Dungeon (T) Temple (L) Lair (A) Shoals (P) Snake Pit (M) Slime Pits (O) Orcish Mines (E) Elven Halls (V) Vaults (C) Crypt (U) Depths (H) Hell (Z) Zot
Where to? (* - list waypoints, Tab/Enter - D:1 @ (x,y), ? - help)
You sense a monster nearby.
There is an open door here.
There is a staircase leading out of the dungeon here.
Enter note: Woot!
Unknown command.
You have escaped!

################### #####
#.................# #...#
#.###.###.###.###.# #.#..
#.......+.#.......## #....
#.#+#.#####'#.#'#..#####..
#...#.'.....#.#...........
#.#.#.#..@..#.#.#..#####..
#.#.###..>..#'#.#.## ##...
#.#.#.#.....#.#.#.# #..#.
#.+.#.#.....#.#.+.# ##.###
#.#'#.#######.###.# #..#
#.......+.#.......# #.##
#####.###†###'##### #.#
#..##.# #.#######.#
##.#..###.........#


There were no monsters in sight!

Vanquished Creatures
  the Royal Jelly (Slime:5)
  A dread lich (Zot:5)
  3 ancient liches
  9 orbs of fire (Zot:5)
  Boris (Depths:3)
  Bai Suzhen (Shoals:3)
  2 Killer Klowns (Zot:5)
  A curse toe (Zot:5)
  A mutant beast (WizLab)
  A profane servitor (Zot:2)
  13 golden dragons
  Norris (Elf:1)
  A Tzitzimitl (Depths:1)
  4 electric golems
  Rupert (D:15)
  25 tentacled monstrosities
  2 liches
  An Ice Fiend (D:15)
  25 Orb Guardians
  A deep elf blademaster (Elf:3)
  5 quicksilver dragons
  3 titans
  5 sphinxes
  19 acid blobs
  An eldritch tentacle (Depths:4)
  Polyphemus (Shoals:2)
  A tentacled starspawn (Abyss:3)
  11 storm dragons
  Gastronok (D:9)
  4 tengu reavers
  20 death cobs
  16 shadow dragons
  11 azure jellies
  4 protean progenitors
  5 deep elf sorcerers
  4 draconian knights
  4 frost giants
  9 draconian monks
  13 rockslimes
  A spectral juggernaut (Depths:2)
  3 ghost moths
  4 fire giants
  2 deep elf elementalists (Elf:3)
  12 vault wardens
  A balrug (Depths:4)
  2 draconian scorchers
  3 draconian shifters
  2 reapers
  5 draconian stormcallers
  2 spriggan defenders
  10 draconian annihilators
  An orc warlord (Orc:2)
  10 ironbound preservers
  12 quicksilver oozes
  6 very ugly things
  9 stone giants
  9 formless jellyfish
  A vampire knight (Depths:3)
  9 deep elf death magi
  An ironbound thunderhulk (Vaults:3)
  14 green draconians
  4 deep elf annihilators
  13 black draconians
  A deep elf demonologist (Vaults:5)
  A spectral titan (Depths:2)
  10 red draconians
  8 yellow draconians
  A dire elephant (Vaults:2)
  12 white draconians
  4 eidola
  3 war gargoyles
  5 spark wasps
  20 purple draconians
  7 merfolk javelineers
  3 deep elf high priests
  3 ettins
  6 merfolk impalers
  A spectral golden dragon (Depths:2)
  Josephine (Lair:4)
  32 vault guards
  5 fire dragons
  2 great orbs of eyes
  A spectral spriggan (Depths:2)
  3 salamander tyrants
  9 yaktaur captains
  4 ice dragons
  A spectral sphinx (Depths:2)
  2 spectral tengu (Depths:2)
  4 hydras
  2 ogre magi
  2 merfolk avatars
  4 spriggan air magi
  6 centaur warriors
  4 ironbound frosthearts
  6 rakshasas
  4 boulder beetles
  2 catoblepae
  An anaconda (shapeshifter) (WizLab)
  A two-headed ogre (shapeshifter) (Vaults:5)
  2 alligators (Zot:1)
  4 anacondas
  13 two-headed ogres
  4 death yaks (IceCv)
  6 naga warriors
  13 dancing weapons
  3 deep troll earth magi (Depths:3)
  A deep troll shaman (Depths:3)
  A shock serpent (Snake:3)
  6 tengu warriors
  2 vampire magi (Depths:2)
  14 naga sharpshooters
  A spectral storm dragon (Depths:2)
  Nergalle (Orc:2)
  A thrashing horror (Abyss:3)
  3 hell hogs (Depths:1)
  3 merfolk aquamancers
  A spriggan berserker (Depths:3)
  20 hell knights
  3 soul eaters
  4 skysharks
  4 deep elf knights
  A spectral spark wasp (Depths:1)
  3 sixfirhies
  A salamander mystic (Snake:2)
  2 large abominations (Abyss:3)
  3 arcanists
  An iron troll (Depths:3)
  An orange crystal statue (Depths:2)
  9 mana vipers
  7 death drakes
  8 sea snakes
  3 flayed ghosts
  An orb spider (shapeshifter) (Vaults:5)
  A death drake (shapeshifter) (WizLab)
  2 naga ritualists
  A spark wasp zombie (Depths:2)
  7 glowing orange brains
  2 spectral iron dragons (Depths:2)
  23 deep trolls
  7 deep elf archers
  5 phantasmal warriors
  A lindwurm (Lair:5)
  4 orc knights
  20 harpies
  17 ironbound convokers
  20 deep elf zephyrmancers
  9 necromancers
  14 deep elf pyromancers
  14 manticores
  8 salamanders
  5 fauns
  8 shining eyes
  13 ugly things
  6 cyclopes
  29 moths of wrath
  A shining eye (shapeshifter) (WizLab)
  A fire giant skeleton (Depths:2)
  A meliai (D:13)
  A rust devil (Zot:5)
  A kobold blastminer (Orc:1)
  8 merfolk sirens
  A worldbinder (Abyss:3)
  A black mamba (shapeshifter) (D:14)
  19 black mambas
  A stone giant skeleton (Depths:1)
  5 water nymphs
  A toenail golem (Zot:1)
  8 vault sentinels
  2 molten gargoyles (Lair:5)
  A water nymph (shapeshifter) (WizLab)
  5 eyes of devastation
  A titan simulacrum (Depths:2)
  A smoke demon (D:13)
  An ice statue (IceCv)
  11 cane toads
  11 naga magi
  A gargoyle (D:12)
  A hellion (Depths:1)
  7 rime drakes
  30 yaktaurs
  A kobold demonologist (D:13)
  5 tengu conjurers
  An ice devil (D:13)
  An unseen horror (Elf:3)
  11 komodo dragons
  4 freezing wraiths
  An ancient zyme (Abyss:3)
  A golden dragon simulacrum (Depths:2)
  A red devil (D:13)
  6 wind drakes
  16 merfolk
  2 hornets
  A hornet (shapeshifter) (Vaults:5)
  A hellwing (D:13)
  6 trolls
  7 glass eyes
  20 blink frogs
  11 dream sheep
  3 raiju (Abyss:3)
  8 polar bears
  9 snapping turtles
  2 iron dragon simulacra (Depths:2)
  101 slime creatures
  A centaur simulacrum (D:15)
  2 spriggans
  2 small abominations (WizLab)
  A stone giant simulacrum (Depths:1)
  16 water elementals
  A vampire (D:11)
  3 air elementals (Shoals:4)
  6 wraiths
  47 yaks
  A ynoxinul (D:13)
  3 wyverns (Lair:5)
  3 shadows
  3 fire elementals
  A human (shapeshifter) (D:13)
  A golden eye (Slime:1)
  3 steam dragons (Lair:5)
  6 basilisks
  4 wargs
  12 slime creature zombies
  2 chaos spawn (D:13)
  25 nagas
  2 vampire mosquitoes (D:14)
  A swamp worm (shapeshifter) (WizLab)
  2 acid dragons
  14 water moccasins
  5 hell hounds (Lair:5)
  2 ice beasts
  27 orc warriors
  A black bear (D:6)
  A sky beast (D:7)
  3 laughing skulls
  6 ogres
  17 wolves
  4 boggarts (Vaults:1)
  5 centaurs
  2 phantoms
  17 bullfrogs
  2 kobold brigands
  2 scorpions
  A glowing shapeshifter simulacrum (Depths:2)
  13 wights
  20 killer bees
  4 electric eels
  11 howler monkeys
  5 lava snakes (Lair:5)
  2 bombardier beetles
  4 hounds (D:5)
  2 jellies
  A gnoll bouda (D:6)
  15 orc priests
  A sleepcap (D:5)
  26 orc wizards
  Natasha (thrice) (D:3)
  An iguana (D:7)
  7 hell rats (Lair:5)
  Robin (D:3)
  4 gnolls
  8 adders
  2 white imps
  2 ufetubi (D:7)
  6 dart slugs
  A ribbon worm (D:5)
  88 orcs
  9 endoplasms
  4 giant cockroaches
  11 goblins
  12 hobgoblins
  7 jackals
  7 quokkas
  7 ball pythons
  4 bats
  10 frilled lizards
  13 kobolds
  6 rats
  2 aspiring fleshes (Zot:3)
  A starspawn tentacle (Abyss:3)
1832 creatures vanquished.

Vanquished Creatures (collateral kills)
  Mara (Elf:3)
  Boris (Vaults:1)
  Saint Roka (Elf:3)
  Nikola (Snake:2)
  Mlioglotl (Snake:1)
  A Hell Sentinel (Abyss:3)
  A lich (Vaults:1)
  3 deep elf blademasters (Elf:3)
  Zenata (Vaults:1)
  An Orb Guardian (Zot:5)
  A titan (Shoals:4)
  A sphinx (Vaults:1)
  5 eldritch tentacles
  Frances (Snake:2)
  Donald (Lair:3)
  2 shadow dragons
  4 nagarajas
  Agnes (Snake:1)
  Aizul (Vaults:1)
  A fire giant (Depths:2)
  3 frost giants
  A rockslime (Slime:2)
  An iron dragon (Depths:2)
  A spectral juggernaut (Depths:2)
  A balrug (Depths:1)
  A deep elf elementalist (Elf:3)
  2 spectral caustic shrikes (Depths:2)
  3 orc warlords
  10 vault wardens
  7 deep elf sorcerers
  3 formless jellyfish
  14 ironbound preservers
  A quicksilver ooze (shapeshifter) (WizLab)
  7 ironbound thunderhulks
  5 stone giants
  15 very ugly things
  2 spectral titans (Depths:2)
  A deep elf demonologist (Elf:1)
  2 vampire knights (Depths:2)
  2 deep elf death magi (Elf:3)
  A green draconian (Depths:4)
  A white draconian (Depths:4)
  A deep elf annihilator (Elf:3)
  3 dire elephants (Vaults:1)
  5 crystal guardians
  4 war gargoyles
  5 merfolk javelineers (Shoals:4)
  An ettin (Vaults:2)
  A jiangshi (Vaults:3)
  A spectral golden dragon (Depths:2)
  A spectral quicksilver dragon (Depths:2)
  2 deep elf high priests (Elf:3)
  4 merfolk impalers (Shoals:4)
  3 fire dragons
  2 spectral tengu (Depths:2)
  3 great orbs of eyes
  8 yaktaur captains
  3 ice dragons (Depths:1)
  A spectral shadow dragon (Depths:2)
  3 salamander tyrants (Snake:4)
  An ogre mage (Vaults:1)
  10 vault guards
  A hell beast (Depths:1)
  A spectral sphinx (Depths:2)
  4 peacekeepers
  2 juggernaut simulacra (Depths:2)
  A spriggan air mage (Depths:2)
  6 anacondas
  4 radroaches (WizLab)
  2 ironbound frosthearts
  4 merfolk aquamancers
  2 two-headed ogres
  A spectral fire giant (Depths:2)
  4 dancing weapons
  2 two-headed ogres (shapeshifter) (WizLab)
  2 alligator snapping turtles
  A spectral frost giant (Depths:2)
  4 boulder beetles
  5 tengu warriors
  5 death yaks
  A deep troll earth mage (Depths:1)
  3 naga warriors
  An occultist (Depths:1)
  A demonic crawler (Abyss:3)
  An orc high priest (Orc:2)
  2 hell hogs (Lair:5)
  2 naga sharpshooters
  A deep elf knight (Elf:2)
  A thrashing horror (Abyss:3)
  A spectral storm dragon (Depths:2)
  4 hell knights
  4 salamander mystics
  A spectral spark wasp (Depths:2)
  An anaconda zombie (Snake:1)
  3 skysharks
  A skyshark (shapeshifter) (WizLab)
  2 wretched stars (Abyss:3)
  41 deep trolls
  An iron troll (Depths:1)
  4 glowing orange brains
  2 mana vipers (Snake:1)
  A glowing orange brain (shapeshifter) (WizLab)
  4 naga ritualists
  3 phantasmal warriors
  A shadow demon (Depths:1)
  4 arcanists
  An orb spider (shapeshifter) (WizLab)
  A lindwurm (shapeshifter) (WizLab)
  4 necromancers
  An orange crystal statue (Depths:2)
  8 large abominations
  13 deep elf zephyrmancers
  5 harpies
  5 ironbound convokers
  5 orc knights
  3 deep elf archers
  A fire giant zombie (Depths:2)
  An orc sorcerer (Orc:2)
  12 deep elf pyromancers
  A spectral ettin (Depths:2)
  32 ugly things
  5 manticores
  2 spectral spriggans (Depths:2)
  2 cyclopes
  A worldbinder (Abyss:3)
  6 salamanders
  5 naga magi
  4 water nymphs (Shoals:4)
  An elephant (shapeshifter) (WizLab)
  An apocalypse crab (Abyss:3)
  12 black mambas
  3 merfolk sirens
  A frost giant skeleton (Depths:1)
  A guardian serpent (shapeshifter) (WizLab)
  A guardian serpent (Snake:1)
  An eye of devastation (shapeshifter) (WizLab)
  A titan simulacrum (Depths:2)
  An orange demon (Abyss:3)
  A smoke demon (Abyss:3)
  8 vault sentinels
  A kobold demonologist (Depths:1)
  A komodo dragon (Lair:2)
  5 spectral glowing shapeshifters (Depths:2)
  3 unseen horrors (Elf:3)
  A freezing wraith (Depths:1)
  17 yaktaurs
  2 rime drakes (IceCv)
  An ice devil (Abyss:3)
  A spectral human (Depths:2)
  A human skeleton (Vaults:1)
  A red devil (D:13)
  A silent spectre (Abyss:3)
  A hornet (Depths:2)
  9 merfolk
  2 wind drakes (Shoals:4)
  2 polar bears
  A blink frog (Lair:1)
  An iron dragon simulacrum (Depths:2)
  5 snapping turtles
  A glass eye (WizLab)
  A spriggan zombie (Depths:1)
  A frost giant simulacrum (Vaults:1)
  17 slime creatures
  A culicivora (shapeshifter) (WizLab)
  2 spriggans
  An ettin skeleton (Vaults:1)
  3 air elementals (Shoals:4)
  A shadow (Abyss:3)
  A wyvern (Lair:5)
  25 yaks
  9 water elementals
  A black mamba zombie (Snake:2)
  A fire elemental (Elf:1)
  A basilisk (Lair:4)
  An iron golem (WizLab)
  3 wargs
  A swamp worm (shapeshifter) (WizLab)
  16 nagas
  A water moccasin (Lair:3)
  An ogre skeleton (Vaults:1)
  A black bear (shapeshifter) (WizLab)
  5 orc warriors (Orc:2)
  A wolf (Lair:5)
  4 laughing skulls (Abyss:3)
  5 small abominations
  An ogre (Orc:2)
  A brain worm (Snake:4)
  A bullfrog (Lair:4)
  A human zombie (Vaults:1)
  An earth elemental (Elf:1)
  A glowing shapeshifter simulacrum (Depths:2)
  A nameless horror (Vaults:4)
  2 orc priests (Orc:2)
  2 orc wizards
  A white imp (Abyss:3)
  7 orcs
  A starspawn tentacle (Abyss:3)
649 creatures vanquished.

Vanquished Creatures (others)
  125 eldritch tentacles
  2 vampire knights (Depths:2)
  2 deep elf annihilators
  A peacekeeper (Vaults:4)
  A merfolk aquamancer (Shoals:4)
  A deep troll earth mage (Depths:3)
  A shock serpent (Snake:2)
  A quicksilver ooze zombie (WizLab)
  An anaconda zombie (Snake:1)
  A deep troll (Vaults:2)
  An ogre zombie (Vaults:2)
  A lindwurm (shapeshifter) (WizLab)
  A shadow dragon zombie (Vaults:4)
  9 ugly thing zombies
  2 deep elf pyromancers
  A deep elf zephyrmancer (Elf:1)
  A stone giant zombie (Depths:2)
  A frost giant zombie (Depths:1)
  A mana viper zombie (Snake:1)
  2 death yak zombies (IceCv)
  A sea snake zombie (Shoals:4)
  29 human zombies
  A death drake zombie (WizLab)
  2 harpy zombies (Shoals:2)
  A meliai zombie (D:13)
  An ettin zombie (Vaults:2)
  2 radroach zombies (WizLab)
  8 black mamba zombies
  4 slime creature zombies (Slime:2)
  12 deep troll zombies
  11 merfolk zombies
  5 two-headed ogre zombies
  A tengu zombie (Depths:1)
  A cane toad zombie (Lair:5)
  16 elf zombies
  2 blink frog zombies (Lair:4)
  2 lindwurm zombies (WizLab)
  3 manticore zombies
  3 rime drake zombies (IceCv)
  8 naga zombies
  A komodo dragon zombie (Lair:2)
  11 yaktaur zombies
  An apocalypse crab zombie (Abyss:3)
  2 warg zombies (Orc:2)
  4 polar bear zombies
  28 yak zombies
  3 wolf zombies (IceCv)
  A black bear zombie (WizLab)
  4 kobold zombies
  13 orc zombies
  2 starspawn tentacles (Abyss:3)
339 creatures vanquished.

Grand Total: 2820 creatures vanquished

Notes
Turn   | Place    | Note
-------+----------+-------------------------------------------
     0 | D:1      | Banquo the Djinni Air Elementalist began the quest for the
                  | Orb.
     0 | D:1      | Banquo set off with the following spells memorised: Shock,
                  | Static Discharge, Swiftness, Airstrike.
     0 | D:1      | Reached XP level 1. HP: 15/15 MP: 0/0
    61 | D:1      | Reached XP level 2. HP: 11/21 MP: 0/0
   323 | D:1      | Reached XP level 3. HP: 20/25 MP: 0/0
   323 | D:1      | Learned a level 1 spell: Summon Small Mammal
  1057 | D:2      | Reached XP level 4. HP: 30/31 MP: 0/0
  1537 | D:3      | Reached XP level 5. HP: 30/36 MP: 0/0
  1537 | D:3      | Learned a level 2 spell: Jinxbite
  1696 | D:3      | Found a faded altar of an unknown god.
  1828 | D:3      | Noticed Natasha
  1836 | D:3      | Killed Natasha
  1926 | D:3      | Noticed Robin
  1931 | D:3      | Reached skill level 4 in Spellcasting
  2040 | D:3      | Found a hazy altar of Hepliaklqana.
  2091 | D:3      | Reached XP level 6. HP: 38/41 MP: 0/0
  2110 | D:3      | Found a blossoming altar of Fedhas.
  2165 | D:3      | Found a hide-covered altar of Uskayaw.
  2165 | D:3      | Found a stormy altar of Qazlal.
  2166 | D:3      | Found an iron altar of Okawaru.
  2291 | D:3      | Found Ugeruss's One-of-a-Kind Rings.
  2328 | D:3      | Killed Robin
  2365 | D:3      | Noticed Natasha
  2368 | D:3      | Killed Natasha
  2449 | D:3      | Found a hazy altar of Hepliaklqana.
  2514 | D:3      | Found a hide-covered altar of Uskayaw.
  2613 | D:3      | Found Ugeruss's One-of-a-Kind Rings.
  2661 | D:3      | Found a faded altar of an unknown god.
  2679 | D:3      | Noticed Natasha
  2827 | D:3      | Killed Natasha
  2946 | D:3      | Found a stormy altar of Qazlal.
  2947 | D:3      | Found an iron altar of Okawaru.
  2974 | D:3      | Found a blossoming altar of Fedhas.
  3134 | D:4      | Noticed an ogre
  3205 | D:4      | Killed an ogre
  3206 | D:4      | Reached XP level 7. HP: 37/46 MP: 0/0
  3206 | D:4      | Learned a level 3 spell: Volatile Blastmotes
  3272 | D:4      | Reached skill level 5 in Spellcasting
  3272 | D:4      | Reached skill level 5 in Conjurations
  3272 | D:4      | Reached skill level 5 in Hexes
  3272 | D:4      | Reached skill level 5 in Summonings
  3272 | D:4      | Reached skill level 5 in Necromancy
  3272 | D:4      | Reached skill level 5 in Translocations
  3272 | D:4      | Reached skill level 5 in Fire Magic
  3272 | D:4      | Reached skill level 5 in Ice Magic
  3272 | D:4      | Reached skill level 5 in Air Magic
  3272 | D:4      | Reached skill level 5 in Earth Magic
  3272 | D:4      | Reached skill level 5 in Alchemy
  3471 | D:4      | Found Laoneat's Book Shoppe.
  3852 | D:5      | Entered Level 5 of the Dungeon
  3941 | D:5      | Found an opulent altar of Gozag.
  4470 | D:5      | HP: 2/46 [hound (3)]
  4473 | D:5      | Reached skill level 1 in Fighting
  4489 | D:5      | HP: 2/47 [sleepcap (3)]
  4963 | D:5      | Reached XP level 8. HP: 45/52 MP: 0/0
  5397 | D:5      | Found a shimmering altar of Xom.
  5818 | D:5      | Reached skill level 6 in Spellcasting
  6256 | D:6      | Reached skill level 5 in Dodging
  6375 | D:6      | Reached skill level 1 in Shields
  6461 | D:6      | Reached XP level 9. HP: 56/59 MP: 0/0
  6461 | D:6      | Learned a level 4 spell: Flame Wave
  7495 | D:7      | Found a staircase to the Ecumenical Temple.
  7504 | Temple   | Entered the Ecumenical Temple
  7523 | Temple   | Became a worshipper of Ashenzari the Shackled
  7793 | D:7      | Reached skill level 7 in Spellcasting
  9444 | D:8      | Reached * piety under Ashenzari
  9444 | D:8      | Identified a scroll of acquirement
  9445 | D:8      | Acquired the +0 helmet "Qoseut" {rElec Regen+}
  9483 | D:8      | Reached XP level 10. HP: 50/69 MP: 0/0
  9988 | D:8      | Reached skill level 5 in Fighting
 10015 | D:8      | Reached skill level 1 in Armour
 10263 | D:8      | Noticed a green ugly thing
 10267 | D:8      | Killed a green ugly thing
 10268 | D:8      | Reached skill level 8 in Spellcasting
 10450 | D:8      | Reached skill level 5 in Shields
 10477 | D:8      | Noticed a centaur warrior
 10496 | D:8      | Killed a centaur warrior
 10497 | D:8      | Reached XP level 11. HP: 34/76 MP: 0/0
 10497 | D:8      | Learned a level 4 spell: Animate Dead
 10506 | D:8      | Noticed a deep elf pyromancer
 10507 | D:8      | Noticed a centaur warrior
 10595 | D:8      | Killed a centaur warrior
 10711 | D:8      | Noticed a purple ugly thing
 11295 | D:8      | Killed a purple ugly thing
 11337 | D:8      | Killed a deep elf pyromancer
 11520 | D:8      | Noticed an arcanist
 11522 | D:8      | Killed an arcanist
 12454 | D:9      | Noticed a two-headed ogre
 12475 | D:9      | Found a staircase to the Orcish Mines.
 12480 | D:9      | Reached skill level 9 in Spellcasting
 12486 | D:9      | Noticed Gastronok
 12497 | D:9      | Killed Gastronok
 12586 | D:9      | Reached ** piety under Ashenzari
 12767 | D:9      | Killed a two-headed ogre
 12779 | D:9      | Noticed a two-headed ogre
 12938 | D:9      | Reached XP level 12. HP: 79/86 MP: 0/0
 13104 | D:9      | Killed a two-headed ogre
 13129 | D:9      | Found a staircase to the Lair.
 13380 | D:10     | Entered Level 10 of the Dungeon
 13398 | Lair:1   | Entered Level 1 of the Lair of Beasts
 13623 | D:10     | Noticed a two-headed ogre
 13628 | D:10     | Killed a two-headed ogre
 13629 | D:10     | Reached skill level 10 in Spellcasting
 13629 | D:10     | Reached skill level 10 in Conjurations
 13629 | D:10     | Reached skill level 10 in Hexes
 13629 | D:10     | Reached skill level 10 in Summonings
 13629 | D:10     | Reached skill level 10 in Necromancy
 13629 | D:10     | Reached skill level 10 in Translocations
 13629 | D:10     | Reached skill level 10 in Fire Magic
 13629 | D:10     | Reached skill level 10 in Ice Magic
 13629 | D:10     | Reached skill level 10 in Air Magic
 13629 | D:10     | Reached skill level 10 in Earth Magic
 13629 | D:10     | Reached skill level 10 in Alchemy
 13711 | D:10     | Reached *** piety under Ashenzari
 13715 | D:10     | Found Alaopnast's Magic Scroll Shop.
 14135 | D:10     | Found a snail-covered altar of Cheibriados.
 14196 | D:10     | Found a sacrificial altar of Ru.
 14524 | D:11     | Noticed a boulder beetle
 15598 | Lair:2   | Reached skill level 10 in Fighting
 15632 | Lair:2   | Reached skill level 11 in Spellcasting
 15632 | Lair:2   | Reached XP level 13. HP: 87/96 MP: 0/0
 15632 | Lair:2   | Learned a level 5 spell: Summon Mana Viper
 16068 | Lair:2   | Found a staircase to the Shoals.
 16639 | Lair:3   | Reached skill level 12 in Spellcasting
 17139 | Lair:3   | Found a staircase to the Snake Pit.
 17751 | Lair:4   | Reached XP level 14. HP: 100/106 MP: 0/0
 18105 | Lair:4   | Noticed Josephine
 18109 | Lair:4   | Killed Josephine
 18611 | Lair:5   | Entered Level 5 of the Lair of Beasts
 18628 | Lair:5   | Reached skill level 13 in Spellcasting
 18827 | Lair:5   | Found a frozen archway.
 19000 | IceCv    | Entered an ice cave
 19404 | IceCv    | Noticed a frost giant
 19431 | IceCv    | Killed a frost giant
 19898 | Lair:5   | Reached skill level 14 in Spellcasting
 20086 | Lair:5   | Reached XP level 15. HP: 112/115 MP: 0/0
 20086 | Lair:5   | Learned a level 6 spell: Sculpt Simulacrum
 20562 | Lair:5   | Found a large runed translucent door.
 20562 | Lair:5   | Found a large runed translucent door.
 20824 | Lair:5   | Found a viscous altar of Jiyva.
 20824 | Lair:5   | Found a staircase to the Slime Pits.
 21598 | D:9      | Upgraded the game from 0.31.0-2-g5a2aebc5c2 to
                  | 0.31.0-4-g52a2dc7128
 23417 | Orc:1    | Entered Level 1 of the Orcish Mines
 23489 | Orc:1    | Found Ruethr Feusch's Antique Armour Emporium.
 23643 | Orc:2    | Entered Level 2 of the Orcish Mines
 23669 | Orc:2    | Noticed an orc warlord
 23697 | Orc:2    | Killed an orc warlord
 23834 | Orc:2    | Reached skill level 15 in Spellcasting
 23834 | Orc:2    | Reached skill level 15 in Conjurations
 23834 | Orc:2    | Reached skill level 15 in Hexes
 23834 | Orc:2    | Reached skill level 15 in Summonings
 23834 | Orc:2    | Reached skill level 15 in Necromancy
 23834 | Orc:2    | Reached skill level 15 in Translocations
 23834 | Orc:2    | Reached skill level 15 in Fire Magic
 23834 | Orc:2    | Reached skill level 15 in Ice Magic
 23834 | Orc:2    | Reached skill level 15 in Air Magic
 23834 | Orc:2    | Reached skill level 15 in Earth Magic
 23834 | Orc:2    | Reached skill level 15 in Alchemy
 23919 | Orc:2    | Paralysed by an ogre mage for 3 turns
 24204 | Orc:2    | Noticed an orc warlord
 24248 | Orc:2    | Killed an orc warlord
 24249 | Orc:2    | Reached skill level 15 in Fighting
 24403 | Orc:2    | Found a staircase to the Elven Halls.
 24406 | Orc:2    | Noticed Nergalle
 24413 | Orc:2    | Killed Nergalle
 24485 | Orc:2    | Found Gikiru's Book Emporium.
 24492 | Orc:2    | Found Qim Edel's Antique Armour Emporium.
 24571 | Orc:2    | Found Ufep's Jewellery Shop.
 24713 | Orc:2    | Found Zira's General Store.
 24742 | Orc:2    | Found Vemidei's Antique Weapon Emporium.
 24749 | Orc:2    | Bought a jewelled sling for 130 gold pieces
 24749 | Orc:2    | Identified the +4 sling of Actus Reus {speed, *Corrode
                  | Dex+7} (You bought it in a shop on level 2 of the Orcish
                  | Mines)
 24749 | Orc:2    | Bought a warped hand axe for 160 gold pieces
 24749 | Orc:2    | Identified the +7 hand axe of Peace {heavy, Int+6} (You
                  | bought it in a shop on level 2 of the Orcish Mines)
 24981 | Orc:1    | Reached XP level 16. HP: 110/126 MP: 0/0
 25566 | D:13     | Found a gate to the Vaults.
 26833 | D:14     | Reached skill level 16 in Spellcasting
 27150 | D:14     | Reached **** piety under Ashenzari
 27374 | D:14     | Found a white marble altar of Elyvilon.
 27499 | D:15     | Entered Level 15 of the Dungeon
 27688 | D:15     | Found a shadowy altar of Dithmenos.
 27740 | D:15     | Found a staircase to the Depths.
 28143 | D:15     | Noticed Rupert
 28156 | D:15     | Paralysed by Rupert for 4 turns
 28170 | D:15     | Killed Rupert
 28445 | D:15     | Identified the +5 trident of Scorn {drain, rElec}
 28617 | D:15     | Reached ***** piety under Ashenzari
 28937 | D:9      | Upgraded the game from 0.31.0-4-g52a2dc7128 to
                  | 0.31.0-7-gf635a9b802
 29042 | Snake:1  | Entered Level 1 of the Snake Pit
 29045 | Snake:1  | Noticed Donald
 29130 | Shoals:1 | Entered Level 1 of the Shoals
 29187 | Shoals:1 | Found a transporter.
 29201 | Shoals:1 | Reached XP level 17. HP: 88/134 MP: 0/0
 29201 | Shoals:1 | Learned a level 7 spell: Malign Gateway
 29424 | Lair:3   | Killed Donald
 29650 | Snake:1  | Noticed Mlioglotl
 29656 | Snake:1  | Killed Mlioglotl
 29923 | Snake:1  | Noticed Agnes
 29924 | Snake:1  | Killed Agnes
 30460 | Snake:2  | Reached skill level 17 in Spellcasting
 30962 | Snake:2  | Noticed Nikola
 30987 | Snake:2  | Killed Nikola
 31033 | Snake:2  | Found Qyxacviu's Antique Armour Shop.
 31107 | Snake:2  | Bought an encrusted ring mail for 369 gold pieces
 31107 | Snake:2  | Identified the +1 ring mail "Optygog" {Int+2} (You bought
                  | it in a shop on level 2 of the Snake Pit)
 31112 | Snake:2  | Found Kekiqioh's Magic Scroll Shop.
 31546 | Snake:2  | Noticed Frances
 31555 | Snake:2  | Killed Frances
 31776 | Snake:2  | Reached skill level 5 in Armour
 32184 | Lair:5   | Reached XP level 18. HP: 123/147 MP: 0/0
 32566 | Snake:3  | Upgraded the game from 0.31.0-7-gf635a9b802 to
                  | 0.31.0-9-g3a7656b989
 32774 | Snake:3  | Reached skill level 10 in Dodging
 33451 | Snake:4  | Entered Level 4 of the Snake Pit
 33506 | Snake:4  | Reached skill level 10 in Shields
 34699 | Snake:4  | Got a serpentine rune of Zot
 35288 | Shoals:1 | Identified the +0 robe "Datwuc" {rN+ Will- rCorr Dex+3}
 35899 | Shoals:1 | Found Bifraisu's Distillery.
 35968 | Shoals:1 | Found a transporter.
 36012 | Shoals:2 | Reached XP level 19. HP: 121/155 MP: 0/0
 36012 | Shoals:2 | Learned a level 6 spell: Summon Cactus Giant
 36082 | Shoals:2 | Found a runed translucent door.
 36515 | Shoals:2 | Noticed Polyphemus
 36548 | Shoals:2 | Killed Polyphemus
 36983 | Shoals:2 | Identified the +8 spear of the Hall of Blades {freeze,
                  | rElec Str+4}
 37138 | Shoals:2 | Identified the Papyrus of Chilly Stones
 37308 | D:9      | Acquired the +1 chain mail "Xopa" {rElec Regen+ Str+6}
 37321 | D:9      | Upgraded the game from 0.31.0-9-g3a7656b989 to
                  | 0.31.0-10-gcf4a605ca0
 37861 | Shoals:3 | Reached skill level 1 in Polearms
 38205 | Shoals:3 | Noticed Bai Suzhen
 38214 | Shoals:3 | Killed Bai Suzhen
 38215 | Shoals:3 | Reached skill level 18 in Spellcasting
 38597 | Shoals:4 | Entered Level 4 of the Shoals
 38642 | Shoals:4 | Found a shimmering altar of Xom.
 38680 | Shoals:4 | Identified the Almanac of the Lungs
 38702 | Shoals:4 | Paralysed by an air elemental for 1 turns
 38705 | Shoals:4 | Paralysed by an air elemental for 1 turns
 39387 | Shoals:4 | Paralysed by an air elemental for 1 turns
 39391 | Shoals:4 | Paralysed by an air elemental for 1 turns
 39594 | Shoals:4 | Reached XP level 20. HP: 143/166 MP: 0/0
 39784 | Shoals:4 | Paralysed by an air elemental for 1 turns
 39894 | Shoals:4 | Identified the +12 great sword of Drought {freeze, rC+
                  | Int+3 Dex+3}
 40083 | Shoals:4 | Got a barnacled rune of Zot
 40598 | Elf:1    | Entered Level 1 of the Elven Halls
 40724 | Elf:1    | Found Forusedd's Armour Shop.
 40774 | Elf:1    | Noticed Norris
 40810 | Elf:1    | Killed Norris
 40948 | Elf:1    | Found a runed translucent door.
 40952 | Elf:1    | Identified the Exposition on the Boggart
 41310 | Elf:1    | Found a runed translucent door.
 41311 | Elf:1    | Found a runed translucent gate.
 41311 | Elf:1    | Found a runed translucent gate.
 41466 | Elf:1    | Found a runed translucent gate.
 41466 | Elf:1    | Found a runed translucent gate.
 41466 | Elf:1    | Found a runed translucent gate.
 41509 | Elf:1    | Found a runed translucent gate.
 41829 | Elf:1    | Upgraded the game from 0.31.0-10-gcf4a605ca0 to
                  | 0.31.0-11-ge490571c62
 42005 | Abyss:3  | Cast into level 3 of the Abyss (a deep elf sorcerer)
 42026 | Abyss:3  | Noticed a Hell Sentinel
 42042 | Abyss:3  | Killed a Hell Sentinel
 42077 | Abyss:3  | Found a corrupted altar of Lugonu.
 42159 | Abyss:3  | Found a corrupted altar of Lugonu.
 42233 | Abyss:3  | Reached skill level 5 in Polearms
 42316 | Elf:2    | Escaped the Abyss
 42589 | Elf:2    | Reached skill level 19 in Spellcasting
 42684 | Elf:2    | Reached XP level 21. HP: 167/172 MP: 0/0
 42684 | Elf:2    | Learned a level 7 spell: Summon Hydra
 42689 | Elf:2    | Found a runed translucent gate.
 42691 | Elf:2    | Found a runed translucent gate.
 42691 | Elf:2    | Found a runed translucent gate.
 43347 | Elf:3    | Entered Level 3 of the Elven Halls
 43603 | Elf:3    | Identified the +1 ring mail of a sewer {rF+ rN+ Stlth-}
 43716 | Elf:3    | Reached skill level 10 in Armour
 44081 | Elf:3    | Identified the +2 morningstar of Painful Death {venom,
                  | rElec SInv}
 44132 | Elf:3    | Identified the ring "Ciocy" {EV+5 Str+4}
 44172 | Elf:3    | Noticed Saint Roka
 44172 | Elf:3    | Noticed Mara
 44210 | Elf:3    | Killed Saint Roka
 44211 | Elf:3    | Killed Mara
 44595 | Elf:3    | Identified the +1 scale mail of Bympoete {Dex+4}
 44746 | Elf:3    | Identified the +1 robe of Insecurity {Harm Int+3}
 44914 | Elf:3    | Identified the Lectures on Twisted Hail
 46051 | Vaults:1 | Entered Level 1 of the Vaults
 46176 | Vaults:1 | Identified the +3 battleaxe "Ucrin" {heavy, ^Contam rN+
                  | Stlth+}
 46224 | Vaults:1 | Reached XP level 22. HP: 139/184 MP: 0/0
 46245 | Vaults:1 | Found a magical portal.
 46254 | WizLab   | Entered Cigotuvi's Fleshworks
 46633 | WizLab   | Reached skill level 20 in Spellcasting
 46680 | WizLab   | Found the -2 hat of the Alchemist {rElec rPois rF+ rC+ rN+
                  | Will+ rMut rCorr}
 46990 | WizLab   | Identified the flux talisman of Dithmenos's Supremacy
                  | {Str+3}
 46991 | WizLab   | Identified Cigotuvi's Compendium of Virulence and Open
                  | Graves
 47208 | Vaults:1 | Identified the serpent talisman of Tenacity {rElec rC+
                  | Stlth+}
 47208 | Vaults:1 | Noticed Aizul
 47216 | Vaults:1 | Killed Aizul
 47260 | Vaults:1 | Noticed Boris
 47266 | Vaults:1 | Killed Boris
 47430 | Vaults:1 | Noticed Zenata
 47442 | Vaults:1 | Killed Zenata
 47801 | Vaults:1 | Identified Even Amateurs Can Use Mysticism!
 47855 | Vaults:1 | Identified the granite talisman of the Eternal Void {Str+3
                  | Int+3}
 48385 | Vaults:2 | Found Utoxza's Armour Shoppe.
 48440 | Vaults:2 | Identified the +4 hand axe "Tumuwk" {freeze, Will- Str+4}
 48531 | Vaults:2 | Identified the +0 ring mail of the Cockatrice {Will+}
 48738 | Vaults:2 | Reached XP level 23. HP: 185/193 MP: 0/0
 48738 | Vaults:2 | Learned a level 8 spell: Borgnjor's Revivification
 49331 | Vaults:2 | Found Zoekk's Weapon Shop.
 50616 | Vaults:3 | Reached skill level 15 in Shields
 50914 | Vaults:3 | Found a staircase to the Crypt.
 51099 | Vaults:3 | Identified the +0 flail of Uzeucien {venom, *Slow rCorr
                  | Str+9 Dex+3}
 52189 | Vaults:4 | Reached skill level 10 in Polearms
 52189 | Vaults:4 | Reached XP level 24. HP: 180/203 MP: 0/0
 53665 | Depths:1 | Entered Level 1 of the Depths
 53695 | Depths:1 | HP: 6/204 [frost giant/bolt of cold (39)]
 53810 | Depths:1 | Found Myejusia's Antique Armour Shoppe.
 53822 | Depths:1 | Bought a faintly humming helmet for 285 gold pieces
 53822 | Depths:1 | Identified the +0 helmet of Cidoax {rPois rC+++ Regen+
                  | Str+3} (You bought it in a shop on level 1 of the Depths)
 53822 | Depths:1 | Bought a runed troll leather armour for 540 gold pieces
 54112 | Depths:1 | Found Fiosapio's Assorted Antiques.
 54216 | Depths:1 | Found Keumi's General Store.
 54270 | Depths:1 | Found a one-way gate leading to the halls of Pandemonium.
 54658 | Depths:1 | Found a gateway to Hell.
 55673 | Depths:2 | Reached XP level 25. HP: 205/212 MP: 0/0
 55673 | Depths:2 | Learned a level 8 spell: Maxwell's Capacitive Coupling
 55886 | Depths:2 | Reached skill level 21 in Spellcasting
 56132 | Depths:2 | Found a one-way gateway to a ziggurat.
 56265 | Depths:2 | Found a one-way gate to the infinite horrors of the Abyss.
 56619 | Depths:2 | Identified the +6 flail "Xynugh" {elec, rN++ Str-5 Dex+4}
 56805 | Depths:2 | Noticed an ancient lich
 56814 | Depths:2 | Killed an ancient lich
 57177 | Depths:2 | Found a one-way gate to the infinite horrors of the Abyss.
 57249 | Depths:2 | Found a one-way gateway to a ziggurat.
 58052 | Depths:3 | Noticed Boris
 58060 | Depths:3 | Killed Boris
 59492 | Depths:4 | Entered Level 4 of the Depths
 59806 | Depths:4 | Reached skill level 22 in Spellcasting
 60190 | Depths:4 | Reached XP level 26. HP: 214/221 MP: 0/0
 60201 | Depths:3 | Reached XP level 27. HP: 228/228 MP: 0/0
 60201 | Depths:3 | Learned a level 9 spell: Polar Vortex
 60892 | Depths:4 | Found Mojeagum's Book Shop.
 60892 | Depths:4 | Found Usuim's Jewellery Shoppe.
 60893 | Depths:4 | Found Jofithriu's Jewellery Shoppe.
 60903 | Depths:4 | Bought an amulet of regeneration for 390 gold pieces
 61167 | Depths:4 | Identified the ring of the Modern Continents {Fly Slay+2}
 61357 | Depths:4 | Found a gate to the Realm of Zot.
 61398 | Depths:4 | Identified the ring of Gaexkesk {Fire rN+ Dex-4 Slay+2}
 61435 | Depths:4 | Found a gate to the Realm of Zot.
 61557 | Depths:4 | Found Mojeagum's Book Shop.
 61557 | Depths:4 | Found Usuim's Jewellery Shoppe.
 61558 | Depths:4 | Found Jofithriu's Jewellery Shoppe.
 62322 | Slime:1  | Entered Level 1 of the Pits of Slime
 62325 | Slime:1  | Gained mutation: You are frail. (-10% HP) [a shining eye]
 62340 | Slime:1  | Lost mutation: You are frail. (-10% HP) [a shining eye]
 63236 | Slime:3  | Gained mutation: You are weak. (Str -2) [a shining eye]
 64398 | Slime:5  | Entered Level 5 of the Pits of Slime
 64398 | Slime:5  | Identified the ring of Rationality {Int+2 Dex+6}
 64398 | Slime:5  | Identified the +4 ring mail of Reklay {rC+}
 64442 | Slime:5  | Noticed the Royal Jelly
 64446 | Slime:5  | Killed the Royal Jelly
 64447 | Slime:5  | Reached skill level 15 in Dodging
 64785 | Slime:5  | Gained mutation: You have hidden genetic potential. [a
                  | shining eye]
 64787 | Slime:5  | Gained mutation: You are dopey. (Int -2) [a shining eye]
 64853 | Slime:5  | Got a slimy rune of Zot
 64899 | Slime:5  | Identified Ullet's Quarto of Angles and the Wendigo
 64899 | Slime:5  | Identified the ring "Xiywoniq" {rElec rPois Dex-2 SInv}
 64899 | Slime:5  | Identified the ring "Owocwoec" {rElec Dex+4 SInv}
 64899 | Slime:5  | Identified the ring "Qyruen" {rF+ Int+5 Stlth-}
 66243 | D:10     | Bought a scroll of teleportation for 42 gold pieces
 66243 | D:10     | Bought 3 scrolls of noise for 42 gold pieces
 66332 | Orc:2    | Bought a potion of curing for 42 gold pieces
 66332 | Orc:2    | Bought 2 potions of heal wounds for 140 gold pieces
 66566 | Shoals:1 | Bought a potion of resistance for 160 gold pieces
 66566 | Shoals:1 | Bought a potion of resistance for 160 gold pieces
 66566 | Shoals:1 | Bought a potion of might for 64 gold pieces
 66566 | Shoals:1 | Bought a potion of heal wounds for 80 gold pieces
 66566 | Shoals:1 | Bought a potion of resistance for 160 gold pieces
 66566 | Shoals:1 | Bought 2 potions of curing for 96 gold pieces
 66566 | Shoals:1 | Bought a potion of might for 64 gold pieces
 66753 | Snake:2  | Bought 3 scrolls of noise for 51 gold pieces
 66753 | Snake:2  | Bought a scroll of fog for 68 gold pieces
 66753 | Snake:2  | Bought a scroll of fear for 68 gold pieces
 67074 | Depths:1 | Bought a potion of brilliance for 112 gold pieces
 67324 | Vaults:5 | Entered Level 5 of the Vaults
 67324 | Vaults:5 | Noticed an ancient lich
 67329 | Vaults:5 | Reached skill level 15 in Armour
 67338 | Vaults:4 | Killed an ancient lich
 68580 | Vaults:5 | Found Taoq's Distillery.
 68580 | Vaults:5 | Found Maotud's Distillery.
 68590 | Vaults:5 | Bought 2 potions of heal wounds for 240 gold pieces
 68590 | Vaults:5 | Bought a potion of haste for 240 gold pieces
 68600 | Vaults:5 | Found Napuh's Magic Scroll Boutique.
 68605 | Vaults:5 | Bought a scroll of fear for 72 gold pieces
 68605 | Vaults:5 | Bought a scroll of teleportation for 54 gold pieces
 68612 | Vaults:5 | Found Bitseig's Distillery.
 68617 | Vaults:5 | Bought a potion of brilliance for 40 gold pieces
 68617 | Vaults:5 | Bought a potion of curing for 30 gold pieces
 68617 | Vaults:5 | Bought a potion of resistance for 100 gold pieces
 68617 | Vaults:5 | Bought a potion of haste for 100 gold pieces
 68617 | Vaults:5 | Bought a potion of heal wounds for 50 gold pieces
 68659 | Vaults:5 | Found Edua's Magic Scroll Shop.
 68664 | Vaults:5 | Bought a scroll of fog for 60 gold pieces
 68664 | Vaults:5 | Bought a scroll of noise for 15 gold pieces
 68664 | Vaults:5 | Bought a scroll of teleportation for 45 gold pieces
 68671 | Vaults:5 | Got a silver rune of Zot
 68708 | Vaults:5 | Identified the Spellbook of Gusty Clay
 68974 | Vaults:5 | Identified the +7 great sword "Grim Tooth" {vamp, *Corrode
                  | Fly rC+}
 69844 | Vaults:2 | Bought a +0 pair of gloves of strength for 138 gold pieces
 70010 | D:10     | Bought a scroll of enchant armour for 105 gold pieces
 70010 | D:10     | Bought a scroll of enchant armour for 105 gold pieces
 70243 | Zot:1    | Entered Level 1 of the Realm of Zot
 70371 | Depths:4 | Gained mutation: You are partially covered in iridescent
                  | scales. (AC +2) [hidden potential]
 71250 | Zot:2    | Identified the +8 mace of the Eternal Void {pain, Dex+4}
 71315 | Zot:2    | Found a transporter.
 71318 | Zot:2    | Identified the ring of Amorality {rPois rF+ MP-9 Int+4
                  | Dex+3}
 71318 | Zot:2    | Identified the ring "Yntuudit" {rPois rN+ Dex+3}
 71320 | Zot:2    | Identified Sif Muna's Lectures on the Geodesic
 71320 | Zot:2    | Identified the Textbook on the Fairies
 71343 | Zot:2    | Found a sparkling altar of Nemelex Xobeh.
 71664 | Zot:2    | Found a transporter.
 72640 | Zot:3    | Reached skill level 23 in Spellcasting
 73407 | Zot:4    | Gained mutation: You possess an exceptional clarity of
                  | mind. [hidden potential]
 73407 | Zot:4    | Lost mutation: You have hidden genetic potential. [hidden
                  | potential expressed]
 73428 | Zot:4    | Lost mutation: You are partially covered in iridescent
                  | scales. (AC +2) [potion of mutation]
 73428 | Zot:4    | Lost mutation: You possess an exceptional clarity of mind.
                  | [potion of mutation]
 73428 | Zot:4    | Lost mutation: You are weak. (Str -2) [potion of mutation]
 73428 | Zot:4    | Gained mutation: You sometimes lose your temper in combat.
                  | [potion of mutation]
 73428 | Zot:4    | Lost mutation: You are dopey. (Int -2) [potion of mutation]
 73429 | Zot:4    | Lost mutation: You sometimes lose your temper in combat.
                  | [potion of mutation]
 73429 | Zot:4    | Gained mutation: Your spells are a little harder to cast,
                  | but a little more powerful. [potion of mutation]
 73985 | Zot:5    | Entered Level 5 of the Realm of Zot
 74574 | Zot:5    | Noticed a dread lich
 74578 | Zot:5    | Killed a dread lich
 74605 | Zot:5    | Noticed an orb of fire
 74609 | Zot:5    | Killed an orb of fire
 74955 | Zot:5    | Noticed an orb of fire
 74963 | Zot:5    | Killed an orb of fire
 75295 | Zot:5    | Noticed a Killer Klown
 75299 | Zot:5    | Killed a Killer Klown
 75313 | Zot:5    | Reached skill level 24 in Spellcasting
 75316 | Zot:5    | Noticed an orb of fire
 75317 | Zot:5    | Killed an orb of fire
 75323 | Zot:5    | Noticed an orb of fire
 75325 | Zot:5    | Killed an orb of fire
 75327 | Zot:5    | Noticed an orb of fire
 75327 | Zot:5    | Noticed a Killer Klown
 75334 | Zot:5    | Killed a Killer Klown
 75335 | Zot:5    | Killed an orb of fire
 75370 | Zot:5    | Noticed an orb of fire
 75376 | Zot:5    | Killed an orb of fire
 75551 | Zot:5    | Noticed an orb of fire
 75555 | Zot:5    | Killed an orb of fire
 75845 | Zot:5    | Noticed an orb of fire
 75849 | Zot:5    | Noticed an orb of fire
 75851 | Zot:5    | Killed an orb of fire
 75859 | Zot:5    | Killed an orb of fire
 75871 | Zot:5    | Noticed an ancient lich
 75881 | Zot:5    | Killed an ancient lich
 76831 | Zot:5    | Got the Orb of Zot
 77363 | D:1      | Woot!
 77364 | D:$      | Escaped with the Orb!

Illustrated notes

################### #####
#.................# #...#
#.###.###.###.###.# #.#..
#.......+.#.......## #....
#.#+#.#####'#.#'#..#####..
#...#.'.....#.#...........
#.#.#.#..@..#.#.#..#####..
#.#.###..>..#'#.#.## ##...
#.#.#.#.....#.#.#.# #..#.
#.+.#.#.....#.#.+.# ##.###
#.#'#.#######.###.# #..#
#.......+.#.......# #.##
#####.###†###'##### #.#
#..##.# #.#######.#
##.#..###.........#


Turn 77363 on D:1: Woot!

Levels and vault maps discovered:
D:1:      shiori_arrival_maze, layout_rooms
D:2:      layout_basic
D:3:      layout_basic, fedhas_altar_1, gammafunk_temple_overflow_claw,
          nicolae_hepliaklqana_hazy_memory,
          shapermc_ecumenical_altar_flowoftime, nicolae_shop_unique_rings,
          uniq_robin, uniq_natasha
D:4:      layout_rooms, serial_shops, shop, glass_columns_b, grunt_ministairs_15
D:5:      layout_basic, lemuel_doored_altar, lemuel_crystal_altar
D:6:      layout_rooms, ebering_dispersal_statue_hall
D:7:      layout_loops_cross, minmay_temple_entry_overgrown,
          kennysheep_generic_room_4
D:8:      layout_gridville, special_room [special_room_orc],
          minmay_shattered_shrine
D:9:      layout_gridville, lemuel_tele_altar, hellmonk_lair_entry_icy,
          uniq_gastronok
D:10:     layout_loops_ring, mainiacjoe_overflow_catwalk,
          general_overflow_altar, minmay_shop_grid_forest
D:11:     layout_roguey
D:12:     layout_roguey, drop_trap
D:13:     layout_cave_pods, lightli_vaults_fourway_checkpoint, serial_demonic,
          serial_demonic_f, serial_demonic_b, serial_demonic_a,
          serial_demonic_a, skrybe_limestone_x
D:14:     layout_basic, nicolae_elyvilon_temple_path, nrook_pool_corridor
D:15:     grunt_enter_depths_giant_problem, layout_loops_corners,
          hangedman_decor_lopped, nicolae_dithmenos_the_darkroom, uniq_rupert
Temple:   nicolae_temple_slightly_damp_pantheon
Lair:1:   layout_loops_ring, chequers_serial_rivers_micro_c, disabler_island
Lair:2:   layout_gridlike, nicolae_shoals_entry_roost, lemuel_fruit_tree
Lair:3:   layout_chaotic_city, minmay_snake_entry_guardpost_large, st_stairs_11,
          grunt_megastairs_1
Lair:4:   layout_concentric_octagons, wad_woods_road_02, uniq_josephine
Lair:5:   cheibrodos_lair_end_hotspot, layout_layer_cave,
          dpeg_slime_entry_enclosed, portal_ice_cave_entry_animals_and_master
Shoals:1: gammafunk_sealed_arena, layout_shoals, nicolae_take_the_stairs
Shoals:2: layout_shoals, lightli_airlock, uniq_polyphemus
Shoals:3: layout_shoals, nicolae_shoals_gull_way, uniq_bai_suzhen
Shoals:4: shoals_end_hellmonk_storm_palace [storm_palace_center_circular,
          storm_palace_corner_reverse_hut, storm_palace_corner_pillars,
          storm_palace_corner_reverse_hut, storm_palace_corner_altar]
Snake:1:  layout_layer_cave, uniq_agnes, uniq_mlioglotl, uniq_donald
Snake:2:  layout_misc_corridors, serial_shops, nicolae_shop_hallway_stairs,
          nicolae_shop_advertising_works [nicolae_subvault_shop_adworks],
          statue_in_the_mist_lemuel, drop_trap, uniq_nikola, uniq_frances
Snake:3:  layout_gridlike
Snake:4:  minmay_snake_end_coiled, layout_cave_town
Slime:1:  layout_caves, nicolae_slime_getting_an_eyeful
Slime:2:  nicolae_slime_infinislime, layout_caves, nicolae_slime_crime_time
Slime:3:  cheibrodos_slime_lost_civilization_10, layout_caves
Slime:4:  layout_caves
Slime:5:  slime_pit_nicolae_jellycorners
Orc:1:    layout_diamond_mine, serial_shops, shop
Orc:2:    grunt_orc_cross, layout_diamond_mine, serial_shops,
          nicolae_shop_tiny_real_fake_doors
Elf:1:    nicolae_elf_arrival_dilemma, layout_rooms, serial_shops, shop,
          minmay_elf_demonology, grunt_ministairs_5, uniq_norris
Elf:2:    elven_hall_of_blades_hangedman_original [nicolae_blade_tridents],
          layout_loops_corners, guppyfry_elf_garden
Elf:3:    minmay_elf_hall_quartered_circle, layout_geoelf_octagon,
          due_unseen_surprise, grunt_megastairs_4, uniq_mara, uniq_saint_roka
Vaults:1: mu_enter_wizlab_5, vaults_mumra_chevron, nicolae_vaults_theta,
          hangedman_vaults_snaps, nicolae_vaults_little_squares_4,
          nicolae_vaults_turnstiles, hangedman_vaults_river_flow, st_eye,
          v_misc_8, layout_vaults_maze, uniq_boris, uniq_zenata, uniq_aizul
Vaults:2: nicolae_vaults_storage_room_glass, st_quartered_hall,
          hangedman_vaults_capsules, vaults_room_grunt_arrival_checkpoint,
          nicolae_vaults_apartment_1, nicolae_vaults_taking_the_gang_shopping,
          nicolae_vaults_what_the_h, vaults_room_corners,
          nicolae_vaults_mini_display_case, nicolae_vaults_little_squares_5,
          v_misc_17, layout_vaults_omnicross, serial_shops, shop
Vaults:3: minmay_crypt_entry_simple_corners,
          nicolae_vaults_windows_and_doors_thing, nicolae_vaults_tetromino_Z_1,
          nicolae_vaults_stairing_the_circle, ontoclasm_vaults_hangar,
          nicolae_vaults_wrenched, nicolae_vaults_asterisk,
          nicolae_vaults_surprise_closet, ontoclasm_vaults_loading_screen,
          nicolae_vaults_tetromino_Z_2, layout_vaults_ring
Vaults:4: nicolae_vaults_network_barrier, nicolae_vaults_diffraction_hallways,
          nicolae_vaults_double_plus_1, nicolae_vaults_house_1,
          vaults_room_fancy_cross, nicolae_vaults_tetromino_T_2,
          vaults_dpeg_cross, hangedman_vaults_trim, vaults_dpeg_diagonal,
          layout_vaults_chaotic_city
Vaults:5: serial_shops
Depths:1: layout_cave_shapes, rand_demon_pan_entry_3, grunt_mini_vestibule,
          serial_shops, nicolae_shop_overgrown_old_shop, shop,
          nicolae_shop_window_shopping, serial_sigils_hangedman_clutch,
          nrook_kobold_shadow_demons, serial_bayou_shore_b, grunt_megastairs_5
Depths:2: lemuel_river_lethe, pan_entry, hell_entry, abyss_entry
Depths:3: hellmonk_ruined_rings, layout_gridville, hangedman_geh_valley,
          kennysheep_pointless_box, abyss_entry_small_statue_room,
          minmay_staircase_statues, serial_bayou_shore_b, serial_bayou_shore_b,
          uniq_josephina
Depths:4: lemuel_castle_with_subvaults [lemuel_castle_interior_carwin_1],
          layout_cave_pools, grunt_pan_entry_spiral, hell_entry,
          minmay_shop_grove
Zot:1:    layout_onion, zot_minivault_1
Zot:2:    gammafunk_dig_for_victory, layout_gridlike,
          regret_index_zotdec_icy_dp, st_stairs_13
Zot:3:    layout_cellular_growth, regret_index_zotdec_silver_v_v_loose,
          drop_trap, regret_index_zotdec_ex, kennysheep_underground_church
Zot:4:    layout_basic, regret_index_zotdec_wing_it, lemuel_baited_zot_trap
Zot:5:    layout_basic, grunt_ministairs_2

Skill      XL: |  1  2  3  4  5  6  7  8  9 10 11 12 13 14 15 16 17 18 19 20 21 22 23 24 25 26 27 |
---------------+----------------------------------------------------------------------------------+-----
Stealth        | 2 3 4 |  4.2
Dodging        | 3 4 5 6 7 8 9 10 11 12 13 21 | 21.3
Spellcasting   | 4 5 6 7 8 9 11 12 14 15 16 17 18 19 20 22 24 | 24.2
Conjurations   | 4 5 6 7 8 9 11 12 14 15 16 17 18 19 20 21 | 21.5
Hexes          | 4 5 6 7 8 9 11 12 14 15 16 17 18 19 20 21 | 21.5
Summonings     | 4 5 6 7 8 9 11 12 14 15 16 17 18 19 20 21 | 21.5
Necromancy     | 4 5 6 7 8 9 11 12 14 15 16 17 18 19 20 21 | 21.5
Translocations | 4 5 6 7 8 9 11 12 14 15 16 17 18 19 20 21 | 21.5
Fire Magic     | 4 5 6 7 8 9 11 12 14 15 16 17 18 19 20 21 | 21.5
Ice Magic      | 4 5 6 7 8 9 11 12 14 15 16 17 18 19 20 21 | 21.5
Air Magic      | 4 5 6 7 8 9 11 12 14 15 16 17 18 19 20 21 | 21.5
Earth Magic    | 4 5 6 7 8 9 11 12 14 15 16 17 18 19 20 21 | 21.5
Alchemy        | 4 5 6 7 8 9 11 12 14 15 16 17 18 19 20 21 | 21.5
Fighting       | 1 2 4 6 7 10 11 13 15 16 17 18 19 20 21 22 23 | 23.3
Shields        | 1 3 5 7 8 9 10 11 12 13 14 15 17 18 23 | 23.3
Armour         | 3 4 5 7 9 10 11 12 19 | 19.2
Polearms       | 3 5 6 8 10 11 12 | 12.0

Action                     |  1- 3 |  4- 6 |  7- 9 | 10-12 | 13-15 | 16-18 | 19-21 | 22-24 | 25-27 || total
---------------------------+-------+-------+-------+-------+-------+-------+-------+-------+-------++-------
  Melee: Spear             |       |    10 |       |       |       |       |       |    15 |       ||    25
         Dagger            |       |       |     2 |       |       |       |       |       |       ||     2
         Staff             |       |       |       |       |     8 |       |       |       |       ||     8
   Cast: Shock             |    89 |   105 |   130 |       |       |       |       |       |       ||   324
         Summon Small Mamm |       |     2 |       |       |     1 |       |       |       |       ||     3
         Airstrike         |       |     2 |   112 |   293 |   693 |   690 |   833 |   661 |   376 ||  3660
         Swiftness         |       |       |     2 |     1 |     1 |     2 |     1 |       |     1 ||     8
         Flame Wave        |       |       |     1 |     9 |     8 |     3 |     1 |    15 |     8 ||    45
         Animate Dead      |       |       |       |     4 |    16 |    12 |     6 |    15 |     1 ||    54
         Static Discharge  |       |       |       |     2 |       |       |       |       |     3 ||     5
         Summon Mana Viper |       |       |       |       |    29 |    45 |    58 |    62 |     5 ||   199
         Volatile Blastmot |       |       |       |       |    21 |     4 |     1 |       |       ||    26
         Sculpt Simulacrum |       |       |       |       |     4 |       |     2 |       |     1 ||     7
         Malign Gateway    |       |       |       |       |       |    25 |    48 |    49 |    10 ||   132
         Summon Cactus Gia |       |       |       |       |       |       |    79 |    94 |     9 ||   182
         Summon Hydra      |       |       |       |       |       |       |    21 |   205 |    15 ||   241
         Maxwell's Capacit |       |       |       |       |       |       |       |       |   402 ||   402
         Polar Vortex      |       |       |       |       |       |       |       |       |    63 ||    63
 Invoke: Curse Item        |       |       |     2 |     3 |     1 |     4 |     2 |     1 |     4 ||    17
         Shatter the Chain |       |       |       |       |     1 |     2 |     2 |     1 |     3 ||     9
  Evoke: Wand              |       |       |       |       |       |       |     1 |       |     2 ||     3
    Use: Scroll            |       |       |    10 |     2 |     1 |     1 |     2 |       |    16 ||    32
         Potion            |       |       |       |     1 |     2 |       |       |     1 |     3 ||     7
 Armour: Robe              |     8 |    12 |    47 |     8 |    61 |    64 |       |       |       ||   200
         Leather armour    |       |       |       |    44 |    11 |    32 |    12 |       |       ||    99
         Chain mail        |       |       |       |       |       |       |   113 |   116 |   288 ||   517
  Dodge: Dodged            |     7 |     3 |    53 |    40 |    74 |   107 |   132 |   131 |   242 ||   789
         Repelled          |       |       |       |       |       |       |     9 |     4 |    39 ||    52
  Block: Buckler           |       |       |       |    23 |    23 |    31 |       |       |       ||    77
         Kite shield       |       |       |       |       |       |    93 |   136 |   204 |   319 ||   752
         Reflection        |       |       |       |       |       |    33 |    25 |    39 |    12 ||   109
         Tower shield      |       |       |       |       |       |       |       |       |   136 ||   136
